 Dungeon Crawl Stone Soup version 0.31.0-11-ge490571c62 (webtiles) character file.

Game seed: 12762226068643162883

922 Rassilon the Slasher (level 7, -5/75 HPs)
             Began as a Demonspawn Monk on Jan 29, 2024.
             Slain by a killer bee (7 damage)
             ... on level 4 of the Dungeon.
             The game lasted 00:24:58 (4016 turns).

Rassilon the Slasher (Demonspawn Monk)              Turns: 4016, Time: 00:24:58

Health: -5/75      AC: 23    Str: 10    XL:     7   Next: 84%
Magic:  11/11      EV:  2    Int:  9    God:
Gold:   309        SH:  0    Dex: 28    Spells: 9/12 levels left

rFire   + . .        r - +0 long sword
rCold   . . .        d - orb {light}
rNeg    . . .        b - melded +0 robe
rPois   +            (helmet currently unavailable)
rElec   .            (cloak currently unavailable)
rCorr   .            (gloves currently unavailable)
SInv    .            (boots currently unavailable)
Will    +....        (no amulet)
Stlth   +            i - +6 ring of dexterity
HPRegen 0.32/turn    q - ring of protection from fire
MPRegen 0.12/turn

%: no passive effects
@: mighty, tree-form, glowing
A: stationary, stasis, torment immunity, boosted hp, (hooves 1), powered by
death 1, demonic magic 1, agile 1, frail 1, strong-willed 1, evolution 1,
MP-powered wands
a: no special abilities


You were on level 4 of the Dungeon.
You were a tree.
You visited 1 branch of the dungeon, and saw 6 of its levels.
You also visited: Sewer.

You collected 309 gold pieces.

Inventory:

Hand Weapons
 r - a +0 long sword (weapon)
Missiles
 l - 15 poisoned darts (quivered)
Armour
 b - a +0 robe (melded)
 d - an orb of light (worn)
 B - a +0 buckler
Jewellery
 i - a +6 ring of dexterity (left branch)
 o - a ring of positive energy
 q - a ring of protection from fire (right branch)
Talismans
 k - a blade talisman
 s - a beast talisman
Scrolls
 a - a scroll of fear {unknown}
 e - 3 scrolls of identify
 g - 2 scrolls of enchant weapon
 h - a scroll of amnesia
 j - a scroll of fog
 m - a scroll of enchant armour {unknown}
 u - a scroll of blinking
 w - 2 scrolls of teleportation
 y - a scroll of butterflies {unknown}
 C - a scroll of poison
Potions
 c - a potion of ambrosia
 n - 2 potions of lignification
 t - 2 potions of attraction
 v - a potion of mutation
 z - a potion of brilliance
 A - a potion of haste


   Skills:
 - Level 5.0 Fighting
 * Level 6.0 Long Blades
 + Level 4.5 Dodging
 + Level 3.1 Spellcasting


You had 9 spell levels left.
You knew the following spells:

 Your Spells              Type           Power      Damage    Failure   Level
a - Confusing Touch       Hex            1%         N/A       65%         3

Your spell library contained the following spells:

 Spells                   Type           Power      Damage    Failure   Level
 Apportation              Tloc           2%         N/A       30%         1
 Kiss of Death            Conj/Necr      4%         2d5       30%         1
 Necrotise                Necr           4%         1d4       30%         1
 Sting                    Conj/Alch      4%         1d3       30%         1
 Summon Small Mammal      Summ           4%         N/A       30%         1
 Cigotuvi's Dreadful Rot  Necr/Alch/Air  2%         N/A       41%         2
 Sublimation of Blood     Necr           1%         N/A       41%         2
 Dispel Undead            Necr           1%         3d6       96%         4
 Martyr's Knell           Necr/Summ      1%         N/A       96%         4
 Petrify                  Alch/Erth      1%         N/A       96%         4
 Alistair's Intoxication  Alch           0%         N/A       100%        5
 Borgnjor's Vile Clutch   Necr/Erth      0%         N/A       100%        5
 Irradiate                Conj/Alch      0%         3d11      100%        5
 Death Channel            Necr           0%         N/A       100%        6
 Eringya's Noxious Bog    Alch           0%         4d6       100%        6


Dungeon Overview and Level Annotations

Branches:
Dungeon (6/15)              Sewer (visited)
 Temple: D:4-7

Altars:
Qazlal
Uskayaw


Innate Abilities, Weirdness & Mutations

You are a tree.
Your roots penetrate the ground, keeping you stationary.
You cannot be teleported.
You are immune to unholy pain and torment.
Your maximum health is greatly increased.
Your equipment is partially melded.
((You have large cloven feet.))
You regenerate a little health from kills.
Spells you cast may paralyse adjacent enemies.
You are agile. (Dex +4, Str/Int -1)
You are frail. (-10% HP)
You are strong-willed. (Will+)
You have hidden genetic potential.
You expend magic power (3 MP) to strengthen your wands.


Message History

You are poisoned.
The killer bee poisons you! The killer bee stings you.
* * * LOW HITPOINT WARNING * * *
The killer bee stings you.
* * * LOW HITPOINT WARNING * * *
You turn into a tree.
Your +0 robe melds into your body.
Your roots penetrate the ground.
* * * LOW HITPOINT WARNING * * *
You feel very sick.
The killer bee stings you but does no damage. x3
The killer bee barely misses you.
You feel better.
The killer bee stings you but does no damage. x4
You slash the killer bee!
The killer bee is heavily wounded.
The killer bee stings you but does no damage. x2
The killer bee barely misses you.
The killer bee stings you but does no damage.
You hit the killer bee but do no damage.
The killer bee is heavily wounded.
The killer bee stings you.
* * * LOW HITPOINT WARNING * * *
The killer bee stings you but does no damage.
The killer bee stings you.
* * * LOW HITPOINT WARNING * * *
The killer bee stings you but does no damage.
You feel very mighty all of a sudden.
The killer bee stings you but does no damage. x4
You hit the killer bee.
The killer bee is severely wounded.
The killer bee stings you.
* * * LOW HITPOINT WARNING * * *
The killer bee stings you but does no damage. x2
The killer bee stings you.
* * * LOW HITPOINT WARNING * * *
The killer bee stings you but does no damage. x2
You hit the killer bee.
The killer bee is severely wounded.
The killer bee stings you!
You die...

#.# #.###.#.# #####
##'####.# #.#.#
##...####.......###.#.#
#....+..'..............
#....####.......#.#....
#....+......#'#.....#..
#....#..#.#.#.#.#.#.#..
#....#y.#.#.#+#.......#
#.#.##♣y#.#.........#.#
##+#'##...............<.
#.....##....[..........#
#.....'..#.......#######
#.....####.#...#.#..# #.
#............#......# #.
#.......##.....#.#.####.
#.......##..............
#................#......


You could see 2 killer bees.

Vanquished Creatures
  Sigmund (D:4)
  An ice beast (D:5)
  A sky beast (D:3)
  2 kobold brigands (Sewer)
  A scorpion (D:4)
  4 hounds
  An orc priest (D:4)
  Jessica (D:3)
  An orc wizard (D:4)
  6 adders
  2 river rats (Sewer)
  8 ribbon worms
  3 dart slugs
  7 orcs
  2 bats
  4 endoplasms
  A giant cockroach (D:1)
  8 goblins
  6 hobgoblins
  7 kobolds
  5 quokkas
  8 ball pythons
  3 frilled lizards (D:2)
  16 rats
99 creatures vanquished.

Notes
Turn   | Place    | Note
-------+----------+-------------------------------------------
     0 | D:1      | Rassilon the Demonspawn Monk began the quest for the Orb.
     0 | D:1      | Reached XP level 1. HP: 18/18 MP: 1/1
   122 | D:1      | Reached skill level 3 in Long Blades
   122 | D:1      | Gained mutation: Spells you cast may paralyse adjacent
                  | enemies. [demonic ancestry]
   122 | D:1      | Reached XP level 2. HP: 24/24 MP: 2/2
   827 | D:2      | Reached XP level 3. HP: 15/29 MP: 3/3
  1627 | D:3      | Found a glowing drain.
  1680 | D:3      | Found a hide-covered altar of Uskayaw.
  1688 | D:3      | Noticed Jessica
  1691 | D:3      | Killed Jessica
  1692 | D:3      | Reached XP level 4. HP: 23/35 MP: 3/5
  1735 | Sewer    | Entered a sewer
  1788 | Sewer    | Reached skill level 1 in Spellcasting
  1939 | Sewer    | Noticed a kobold brigand
  1965 | Sewer    | Killed a kobold brigand
  1966 | Sewer    | Reached skill level 4 in Long Blades
  1966 | Sewer    | Gained mutation: You have large cloven feet. [demonic
                  | ancestry]
  1966 | Sewer    | Reached XP level 5. HP: 14/42 MP: 5/7
  2179 | Sewer    | Reached XP level 6. HP: 47/48 MP: 8/8
  2295 | Sewer    | Learned a level 3 spell: Confusing Touch
  2489 | D:3      | Noticed a sky beast
  2495 | D:3      | Killed a sky beast
  2639 | D:3      | Gained mutation: You are strong-willed. (Will+) [potion of
                  | mutation]
  2639 | D:3      | Gained mutation: You expend magic power (3 MP) to
                  | strengthen your wands. [potion of mutation]
  2639 | D:3      | Gained mutation: You are frail. (-10% HP) [potion of
                  | mutation]
  2639 | D:3      | Gained mutation: You have hidden genetic potential. [potion
                  | of mutation]
  3184 | D:4      | Reached skill level 5 in Long Blades
  3363 | D:4      | Gained mutation: You regenerate a little health from kills.
                  | [demonic ancestry]
  3363 | D:4      | Reached XP level 7. HP: 20/49 MP: 10/10
  3369 | D:4      | HP: 2/49 [orc priest/nerve-wracking pain (9)]
  3475 | D:4      | Noticed Sigmund
  3487 | D:4      | Killed Sigmund
  3510 | D:4      | Gained mutation: You are agile. (Dex +4, Str/Int -1)
                  | [hidden potential]
  3717 | D:4      | Found a stormy altar of Qazlal.
  3726 | D:4      | You fall into a shaft and drop 2 floors!
  3729 | D:5      | Entered Level 5 of the Dungeon
  3738 | D:5      | Reached skill level 5 in Fighting
  3738 | D:5      | Reached skill level 6 in Long Blades
  4015 | D:4      | HP: 2/75 [killer bee (5)]
  4016 | D:4      | Slain by a killer bee

Illustrated notes

Levels and vault maps discovered:
D:1:      denvon_arrival_planthouse, layout_loops_ring
D:2:      layout_loops_ring, skrybe_limestone_x
D:3:      kb_forest_paths, layout_loops_corners, eat_drink_and_be_merry_uskayaw,
          cheibrodos_sewer_entry_drain, kennysheep_generic_room_15, uniq_jessica
D:4:      layout_basic, grunt_qazlal_clouds, uniq_sigmund
D:5:      layout_layer_cave, serial_bayou_pond_d, hex_tiny
D:6:      layout_loops_cross, minmay_temple_entry_glass, ebering_ghost_sewer_f,
          kennysheep_cluttered_room

Skill      XL: |  1  2  3  4  5  6  7 |
---------------+----------------------+-----
Long Blades    | 3 4 5 6 |  6.0
Dodging        | 3 4 |  4.5
Spellcasting   | 1 2 3 |  3.1
Fighting       | 4 5 |  5.0

Action                     |  1- 3 |  4- 6 |  7- 9 || total
---------------------------+-------+-------+-------++-------
  Melee: Falchion          |   101 |       |       ||   101
         Long sword        |       |   104 |    44 ||   148
         Kick              |       |    25 |    15 ||    40
    Use: Scroll            |     7 |     5 |       ||    12
         Potion            |     4 |     2 |     6 ||    12
   Stab: Sleeping          |       |       |     1 ||     1
 Armour: Robe              |    53 |    34 |    24 ||   111
         Skin              |       |       |    25 ||    25
  Dodge: Dodged            |    75 |    63 |    37 ||   175
